AoeStats
← small_rain_111

Arabia

510749480Analyzed
3v3 RM · 24h ago on Oct 2, 2026· 44m 31s· 6 players
Game mode
Random Map
Map size
Normal (6 player)
Population
200
Speed
Normal
Resources
Standard
Victory
Conquest
Starting age
Dark Age
Ending age
Imperial Age
RankedLock teamsTeams togetherTeam positionsShared explorationLock speedFull tech treeHidden civsTurbo modeCheats
Victory
Defeat
🇨🇳 Tatars · China
1095
+16
🇨🇳 Bengalis · China
1070
+16
🇻🇳 Saxons · Vietnam
1110
-17
🇹🇼 Mongols · Taiwan
1100
-16
🇨🇳 Spanish · China
1047
-14
ASH
1:25 Loom
10:54 Feudal Age
11:28 Double-Bit Axe
18:20 Castle Age
16:51 Horse Collar
20:11 Bow Saw
23:03 Stone Mining
25:35 Fletching
25:55 Gold Mining
27:23 Bodkin Arrow
28:30 Forging
28:21 Scale Mail Armor
29:46 Wheelbarrow
31:14 Ballistics
32:42 Iron Casting
33:21 Hand Cart
35:50 Gold Shaft Mining
35:20 Heavy Plow
35:45 Squires
40:01 Imperial Age
39:38 Chain Mail Armor
38:46 Pikeman
41:05 Conscription
40:11 Halberdier
41:42 Plate Mail Armor
42:11 Conscription
41:13 Shield Wall
small_rain_111
6:55 Loom
10:27 Feudal Age
14:48 Scale Barding Armor
15:30 Fletching
19:42 Padded Archer Armor
23:54 Castle Age
23:09 Scale Mail Armor
23:58 Pikeman
24:37 Double-Bit Axe
24:36 Horse Collar
29:07 Gold Mining
35:39 Bodkin Arrow
38:32 Leather Archer Armor
38:29 Bloodlines
38:50 Bow Saw
40:18 Stone Mining
43:33 Ballistics
43:48 Husbandry
Wade Wang
8:47 Loom
10:36 Feudal Age
15:38 Castle Age
14:58 Double-Bit Axe
16:32 Scale Barding Armor
21:36 Forging
23:11 Bow Saw
24:29 Chain Barding Armor
25:56 Iron Casting
28:40 Stone Mining
28:41 Gold Mining
31:16 Stone Shaft Mining
31:18 Gold Shaft Mining
30:24 Horse Collar
31:31 Bloodlines
32:03 Town Watch
34:05 Wheelbarrow
36:29 Hand Cart
38:51 Fletching
39:16 Heavy Plow
39:51 Bodkin Arrow
40:15 Padded Archer Armor
40:19 Light Cavalry
42:04 Leather Archer Armor
44:24 Imperial Age
43:44 Ballistics
44:00 Husbandry
General Brasch
10:20 Feudal Age
9:10 Loom
10:56 Double-Bit Axe
13:01 Horse Collar
17:40 Wheelbarrow
20:21 Castle Age
20:02 Bloodlines
19:45 Gold Mining
20:14 Fletching
20:32 Padded Archer Armor
21:20 Bodkin Arrow
21:43 Bow Saw
23:07 Husbandry
24:08 Gold Shaft Mining
26:28 Heavy Plow
27:32 Hand Cart
28:37 Sanctity
32:49 Ballistics
37:36 Imperial Age
37:43 Town Watch
38:14 Leather Archer Armor
37:55 Elite Elephant Archer
38:39 Bracer
39:55 Chemistry
41:49 Ring Archer Armor
40:46 Siege Elephant
41:41 Masonry
Mr.Bean
7:16 Loom
9:43 Feudal Age
13:48 Double-Bit Axe
14:32 Horse Collar
21:24 Castle Age
19:54 Gold Mining
20:32 Scale Barding Armor
21:29 Fletching
21:51 Forging
22:31 Bow Saw
23:04 Husbandry
24:17 Bloodlines
25:27 Padded Archer Armor
28:07 Wheelbarrow
28:19 Stone Mining
34:54 Heavy Plow
37:52 Imperial Age
35:42 Hand Cart
35:13 Town Watch
36:27 Gold Shaft Mining
37:14 Iron Casting
37:26 Ballistics
39:15 Conscription
39:24 Elite Steppe Lancer
42:16 Chain Barding Armor
42:58 Timurid Siegecraft
43:16 Elite Keshik
B站-小伍长-玩战雷的弱智有点多...
9:44 Feudal Age
10:26 Loom
10:33 Double-Bit Axe
20:17 Castle Age
19:30 Forging
24:07 Scale Mail Armor
25:10 Gold Mining
25:13 Stone Mining
25:36 Bow Saw
29:47 Chain Mail Armor
31:50 Iron Casting
32:26 Squires
32:12 Arson
34:24 Sanctity
34:18 Scale Barding Armor
35:12 Wheelbarrow
40:08 Imperial Age
39:50 Masonry
40:36 Ballistics
40:25 Fletching
41:53 Town Watch
43:08 Conscription
43:33 Hoardings
42:21 Elite Throwing Axeman
43:40 Gold Shaft Mining
43:56 Plate Mail Armor
44:26 Blast Furnace
44:37 Architecture
Connection lost

Rejoining the realm…

Still unreachable

The connection could not be restored.

Session expired

The server has moved on; the page needs a fresh start.